 Dungeon Crawl Stone Soup version 0.31-a0-369-g8eba5f6939 (webtiles) character file.

Game seed: 2296233544183647332

6 EonArisen the Vexing (level 2, 0/16 HPs)
             Began as a Kobold Hexslinger on July 28, 2023.
             Slain by a kobold
             ... wielding a +0 short sword
              (3 damage)
             ... on level 1 of the Dungeon.
             The game lasted 00:01:57 (220 turns).

EonArisen the Vexing (Kobold Hexslinger)             Turns: 220, Time: 00:01:57

Health: 0/16       AC:  7    Str:  5    XL:     2   Next: 0%
Magic:  3/3        EV: 11    Int: 14    God:
Gold:   16         SH:  0    Dex: 17    Spells: 2/3 levels left

rFire   . . .        a - +1 sling
rCold   . . .        (no shield)
rNeg    . . .        d - +2 ring mail {rPois}
rPois   +            (no helmet)
rElec   .            (no cloak)
rCorr   .            (no gloves)
SInv    .            (no boots)
Will    .....        (no amulet)
Stlth   ++           (no ring)
HPRegen 0.22/turn    (no ring)
MPRegen 0.08/turn

%: no passive effects
@: no status effects
A: small, no large weapons, nightstalker 3
a: no special abilities


You were on level 1 of the Dungeon.
You visited 1 branch of the dungeon, and saw 1 of its levels.

You collected 16 gold pieces.

Inventory:

Hand Weapons
 a - a +1 sling (weapon)
Armour
 c - a +0 robe
 d - a +2 ring mail of poison resistance (worn)
 e - a +0 chain mail


   Skills:
 + Level 1.1 Fighting
 + Level 2.8 Ranged Weapons
 + Level 2.5 Dodging
 + Level 1.1 Spellcasting
 + Level 3.3 Hexes


You had 2 spell levels left.
You knew the following spells:

 Your Spells              Type           Power      Damage    Failure   Level
a - Slow                  Hex            40%        N/A       32%         1

Your spell library contained the following spells:

 Spells                   Type           Power      Damage    Failure   Level
 Inner Flame              Hex/Fire       5%         N/A       88%         3
 Portal Projectile        Hex/Tloc       10%        N/A       88%         3
 Cause Fear               Hex            5%         N/A       97%         4


Dungeon Overview and Level Annotations

Branches:
Dungeon (1/15)

Altars:


Innate Abilities, Weirdness & Mutations

You are small and have problems with some larger weapons.
You are completely attuned to the shadows.


Message History

The kobold hits you but does no damage.
The ball python bites you but does no damage.
The ball python constricts you. The kobold hits you but does no damage.
You escape the ball python's grasp.
The kobold attacks as you move away! The kobold barely misses you.
The ball python bites you but does no damage.
The ball python grabs you. The ball python constricts you.
The kobold throws a stone.
The stone closely misses you.
You see here a ball python corpse.
You shoot a sling bullet.
The sling bullet closely misses the ball python.
The ball python bites you but does no damage.
The ball python constricts you. The ball python closely misses you.
The ball python constricts you.
You shoot a sling bullet.
The sling bullet closely misses the kobold.
The kobold hits you with a +0 short sword.
The ball python closely misses you. The ball python constricts you.
* * * LOW HITPOINT WARNING * * *
The kobold closely misses you. The ball python barely misses you.
The ball python constricts you.
You shoot a sling bullet.
The sling bullet hits the kobold but does no damage.
The ball python barely misses you. The ball python constricts you.
The kobold barely misses you.
You shoot a sling bullet. The sling bullet hits the ball python!
You kill the ball python!
The kobold hits you with a +0 short sword.
* * * LOW HITPOINT WARNING * * *
The kobold barely misses you.
You have reached level 2!
You shoot a sling bullet.
The sling bullet closely misses the kobold.
The kobold barely misses you.
You shoot a sling bullet. The sling bullet misses the kobold.
The kobold hits you but does no damage. The kobold barely misses you.
You shoot a sling bullet.
The sling bullet closely misses the kobold.
The kobold hits you with a +0 short sword.
You die...

#. #.### .○°§.°○☼ ...#
..☼°..☼# #.## .§°..○°#
#... .○☼.†..#°. ###...
.☼☼§K@.○.. #....#
..°§○☼.#☼# ##..###
.○##°### #...>## . #.#
##...### .. #.##..
#....##. ... #.#...#
.##...###.
...##.#.#.###.#....##..
..#.....#...#.#...###..
.....††......##..###...


You could see a kobold.

Vanquished Creatures
  An endoplasm (D:1)
  A hobgoblin (D:1)
  2 ball pythons (D:1)
  2 frilled lizards (D:1)
  A rat (D:1)
7 creatures vanquished.

Notes
Turn   | Place    | Note
-------+----------+-------------------------------------------
     0 | D:1      | EonArisen the Kobold Hexslinger began the quest for the
                  | Orb.
     0 | D:1      | Reached XP level 1. HP: 12/12 MP: 2/2
   218 | D:1      | Reached XP level 2. HP: 2/16 MP: 3/3
   220 | D:1      | Slain by a kobold

Illustrated notes

Levels and vault maps discovered:
D:1:      dpeg_arrival_long_road, layout_rooms, minmay_misc_feat_cross,
          chequers_serial_rivers_micro_d

Action                     || total
---------------------------++-------
   Fire: Sling             ||    23
    Use: Scroll            ||     1
 Armour: Ring mail         ||    29
  Dodge: Dodged            ||    35

Table legend: (Time is in decaauts)
 A = Elapsed time spent in this place.
 B = Non-inter-level travel time spent in this place.
 C = Inter-level travel time spent in this place.
 D = Time resting spent in this place.
 E = Time spent auto-exploring this place.
 F = Levels seen in this place.
 G = Mean time per level.
                   A        B        C        D        E       F      G
               +--------+--------+--------+--------+--------+-----+--------+
         Total |    230 |    230 |      0 |    112 |      0 |   1 |  230.0 |
       Dungeon |    230 |    230 |      0 |    112 |      0 |   1 |  230.0 |
               +--------+--------+--------+--------+--------+-----+--------+

Top non-repeatable levels by time:
     D:1: 230 daAuts
